 Dungeon Crawl Stone Soup version 0.17-a0-491-gbd49765 (webtiles) character file.

23430 Fluffy the Champion of Chaos (level 12, -9/97 HPs)
             Began as a Demonspawn Gladiator on Apr 10, 2015.
             Was the Champion of Makhleb.
             Killed from afar by Josephine (26 damage)
             ... with a ghostly fireball
             ... on level 4 of the Lair of Beasts.
             The game lasted 01:04:19 (13328 turns).

Fluffy the Champion of Chaos (DsGl)                Turns: 13328, Time: 01:04:19

Health: -9/97      AC: 28    Str: 18    XL:     12   Next: 71%
Magic:  21/21      EV:  9    Int: 11    God:    Makhleb [******]
Gold:   711        SH:  3    Dex: 15    Spells: 0 memorised, 11 levels left

rFire  + . .     SeeInvis +     G - +3 great sword (freeze)
rCold  . . .     Clarity  .     Q - +5 chain mail "Veriekk" {rPois}
rNeg   . . .     SustAb   .     (no shield)
rPois  +         Gourm    .     (helmet unavailable)
rElec  .         Spirit   .     R - +1 cloak
rCorr  .         Warding  .     D - +1 pair of gloves of the Dice {rF+}
rMut   .         Stasis   .     m - +0 pair of boots
MR     .....                    l - amulet of regeneration
Stlth  ..........               b - ring of poison resistance
                                s - +3 ring of protection

@: very slightly contaminated, slowed, invisible, very slow, not resistant to
hostile enchantments, extremely unstealthy
A: antennae 3, large bone plates 2, mutation resistance 1, powered by death 1,
powered by pain 2
a: Minor Destruction, Lesser Servant of Makhleb, Major Destruction, Greater
Servant of Makhleb, Renounce Religion


You were on level 4 of the Lair of Beasts.
You worshipped Makhleb.
Makhleb was exalted by your worship.
You were hungry.

You visited 3 branches of the dungeon, and saw 15 of its levels.

You collected 1131 gold pieces.
You spent 420 gold pieces at shops.

Inventory:

Hand weapons
 G - a +3 great sword of freezing (weapon)
 P - a +1 scimitar of flaming
Missiles
 d - 3 throwing nets (quivered)
Armour
 m - a +0 pair of boots (worn)
 D - the +1 pair of gloves of the Dice (worn) {rF+}
   (You found it on level 1 of the Lair of Beasts)

   It protects you from fire.
 Q - the +5 chain mail "Veriekk" (worn) {rPois}
   (You found it on level 2 of the Lair of Beasts)

   It protects you from poison.
 R - a +1 cloak (worn)
Jewellery
 a - an uncursed amulet of resist corrosion
 b - a ring of poison resistance (right hand)
 l - an amulet of regeneration (around neck)
 s - a +3 ring of protection (left hand)
 F - an uncursed ring of ice
 M - an uncursed ring of fire
Magical devices
 o - a wand of paralysis (13)
 r - a wand of polymorph (14)
 E - a wand of invisibility (5)
 I - a wand of cold (0)
 L - a wand of confusion (30)
 N - a wand of cold (2)
Scrolls
 c - 3 scrolls of identify
 g - 11 scrolls of teleportation
 h - a scroll of immolation
 n - 2 scrolls of magic mapping
 u - 4 scrolls of remove curse
 w - a scroll of enchant armour
 x - a scroll of fear
 y - 2 scrolls of blinking
Potions
 e - 2 potions of cancellation
 k - 4 potions of restore abilities
 q - a potion of curing
 t - a potion of magic
 v - a potion of haste
 z - 4 potions of heal wounds
 B - a potion of flight
 C - 2 potions of brilliance
 H - a potion of berserk rage
 O - a potion of ambrosia
Comestibles
 f - 10 bread rations
 i - 4 chunks of flesh
 j - 3 slices of pizza
 p - 5 fruits
 A - 5 meat rations
 J - a beef jerky


   Skills:
 + Level 10.2 Fighting
 + Level 12.0 Long Blades
 - Level 1.7 Throwing
 + Level 9.2 Armour
 - Level 2.6 Dodging
 + Level 12.7 Invocations


You had 11 spell levels left.
You didn't know any spells.

Dungeon Overview and Level Annotations

Branches:
Dungeon (10/15)            Temple (1/1) D:5            Lair (4/8) D:10
  Swamp (0/5) Lair:4
  Snake: Lair:3-6    Spider: Lair:3-6       Orc: D:9-12

Altars:
Ashenzari
Cheibriados
Dithmenos
Elyvilon
Fedhas
Gozag
Kikubaaqudgha
Makhleb
Nemelex Xobeh
Okawaru
Qazlal
Ru
Sif Muna
Trog
Vehumet
Xom
Yredelemnul
Zin
The Shining One

Shops:
D:5 =   D:10 *

Annotations:
Lair:4 Josephine


Innate Abilities, Weirdness & Mutations

You have a pair of large antennae on your head (SInv).
You are mostly covered in large bone plates (AC +3, SH +3).
You can steal the life force of nearby defeated enemies.
You sometimes gain power by taking damage.
You are somewhat resistant to further mutation.


Message History

Drink which item? (? for menu, Esc to quit)
You fade into invisibility!
The wraith hits you!
* * * LOW HITPOINT WARNING * * *
The wraith drains your vigour!
You feel yourself slow down.
* * * LOW HITPOINT WARNING * * *
Your hellwing gestures at the wraith.
The wraith resists with almost no effort.
You are very lightly contaminated with residual magic.
The wraith hits you but does no damage.
Your hellwing gestures at the wraith.
The wraith resists with almost no effort.
The wraith hits you but does no damage.
Your hellwing misses the wraith.
Your hellwing closely misses the wraith.
Josephine casts a spell at the wraith.
The ghostly flame explodes!
The ghostly fireball engulfs the wraith.
The ghostly fireball engulfs you!
You die...

♣..###### ♣♣.###..# ♣...
♣♣.###..# # ♣... ♣..##..##
## ♣♣♣♣ ♣♣....#.# P ♣♣♣
♣.......## # ♣♣.♣
#P+##....#
#######♣###..#♣###..##...#
##P##.##.##....##..#.##.##
...P...........W@........#
.......4...@............##
.....4...W...............#
............W...........##
##P.##.###..............#
.########........†......#
## ##.....##.#...#..# .#
#.......##.#.##...# ##
.........PP.... #..#


You could see Josephine and 3 wraiths.

Vanquished Creatures
  3 hydras
  A centaur warrior (D:8)
  Erica (D:9)
  The ghost of Zigurun the Black Sun, a powerful DsVM of Kikubaaqudgha (Lair:2)
  An unseen horror (D:9)
  A hill giant (D:10)
  A griffon (Lair:3)
  Maurice (D:9)
  Joseph (D:8)
  A black mamba (Lair:2)
  Psyche (D:9)
  3 spiny frogs
  A polar bear (D:8)
  2 komodo dragons
  A merfolk (D:9)
  Grinder (D:5)
  2 baby alligators (Lair:4)
  5 blink frogs (Lair:3)
  Sigmund (D:2)
  A wyvern (D:9)
  24 yaks
  4 wolves
  7 water moccasins
  8 porcupines
  5 sky beasts
  A black bear (D:9)
  5 phantoms
  5 ice beasts (D:8)
  3 ogres
  5 orc warriors
  A wasp (D:9)
  5 wandering mushrooms (Lair:2)
  An eye of draining (D:10)
  8 centaurs
  3 crocodiles
  4 giant frogs
  3 big kobolds
  A wyvern skeleton (D:8)
  7 scorpions
  An electric eel (Lair:2)
  5 wights
  4 goliath beetles
  2 centaur zombies
  4 crimson imps
  4 orc priests
  7 hounds
  2 centaur skeletons (D:9)
  2 orc wizards
  Ijyb (D:2)
  3 giant frog skeletons
  4 jellies
  Terence (D:2)
  4 worker ants
  Natasha (twice) (D:2)
  3 iguanas
  A killer bee zombie (D:9)
  6 sheep (Lair:2)
  2 hound zombies
  A mummy (D:9)
  Robin (D:2)
  5 river rats
  2 shadow imps
  17 adders
  5 white imps (D:8)
  2 worms
  An ufetubus (D:8)
  An adder zombie (D:7)
  4 adder skeletons
  2 giant geckos
  24 orcs
  17 bats
  2 giant cockroaches (D:1)
  23 goblins
  24 hobgoblins
  11 jackals
  8 quokkas
  A ball python (D:6)
  A giant gecko zombie (D:5)
  5 giant newts
  33 kobolds
  A quokka zombie (D:7)
  10 rats
389 creatures vanquished.

Vanquished Creatures (collateral kills)
  A hydra (D:8)
1 creature vanquished.

Vanquished Creatures (others)
  An orange demon (D:8)
1 creature vanquished.

Grand Total: 391 creatures vanquished

Notes
Turn   | Place    | Note
--------------------------------------------------------------
     0 | D:1      | Fluffy, the Demonspawn Gladiator, began the quest for the Orb.
     0 | D:1      | Reached XP level 1. HP: 16/16 MP: 1/1
    23 | D:1      | Reached skill level 3 in Long Blades
    28 | D:1      | Gained mutation: You have a pair of small antennae on your head. [demonic ancestry]
    28 | D:1      | Reached XP level 2. HP: 17/22 MP: 2/2
   616 | D:2      | Noticed Terence
   629 | D:2      | Killed Terence
   629 | D:2      | Reached skill level 4 in Long Blades
   629 | D:2      | Gained mutation: You sometimes gain a little power by taking damage. [demonic ancestry]
   629 | D:2      | Reached XP level 3. HP: 18/27 MP: 3/3
   822 | D:2      | Noticed Natasha
   829 | D:2      | Killed Natasha
   829 | D:2      | Gained mutation: You have a pair of antennae on your head. [demonic ancestry]
   829 | D:2      | Reached XP level 4. HP: 22/33 MP: 4/4
   899 | D:2      | Found a white marble altar of Elyvilon.
  1011 | D:2      | Noticed Sigmund
  1023 | D:2      | Killed Sigmund
  1023 | D:2      | Reached skill level 6 in Long Blades
  1023 | D:2      | Gained mutation: You can steal the life force of nearby defeated enemies. [demonic ancestry]
  1023 | D:2      | Reached XP level 5. HP: 20/38 MP: 5/5
  1208 | D:2      | Noticed Ijyb
  1240 | D:2      | Killed Ijyb
  1240 | D:2      | Gained mutation: You have a pair of large antennae on your head (SInv). [demonic ancestry]
  1240 | D:2      | Reached XP level 6. HP: 40/44 MP: 6/6
  1273 | D:2      | Noticed Natasha
  1287 | D:2      | Killed Natasha
  1385 | D:2      | Noticed Robin
  1415 | D:2      | Killed Robin
  1639 | D:2      | Found a shadowy altar of Dithmenos.
  1900 | D:3      | Found a glowing golden altar of the Shining One.
  1950 | D:3      | Found a white marble altar of Elyvilon.
  1982 | D:3      | Found a glowing silver altar of Zin.
  2093 | D:3      | Found a radiant altar of Vehumet.
  2094 | D:3      | Found a shattered altar of Ashenzari.
  2815 | D:4      | Reached skill level 7 in Long Blades
  2815 | D:4      | Gained mutation: You sometimes gain power by taking damage. [demonic ancestry]
  2815 | D:4      | Reached XP level 7. HP: 36/50 MP: 7/7
  3370 | D:5      | Entered Level 5 of the Dungeon
  3370 | D:5      | Noticed Grinder
  3618 | D:5      | Found a staircase to the Ecumenical Temple.
  3629 | Temple   | Entered the Ecumenical Temple
  3930 | Temple   | Became a worshipper of Makhleb the Destroyer
  3957 | D:5      | Killed Grinder
  3957 | D:5      | Reached skill level 8 in Long Blades
  3957 | D:5      | Reached skill level 1 in Armour
  4194 | D:5      | Reached XP level 8. HP: 33/57 MP: 8/10
  4255 | D:5      | Found Jixatah's Jewellery Emporium.
  4269 | D:5      | You fall through a shaft!
  4384 | D:5      | Found a snail-covered altar of Cheibriados.
  4551 | D:5      | Found a bloodstained altar of Trog.
  4586 | D:5      | Acquired Makhleb's first power
  5618 | D:6      | Gained mutation: You are somewhat resistant to further mutation. [potion of beneficial mutation]
  5818 | D:7      | Acquired Makhleb's second power
  5936 | D:7      | Reached skill level 5 in Invocations
  6138 | D:7      | Reached XP level 9. HP: 66/66 MP: 13/13
  6212 | D:7      | Found a sparkling altar of Nemelex Xobeh.
  6289 | D:7      | Reached skill level 9 in Long Blades
  6542 | D:7      | Reached skill level 5 in Fighting
  6690 | D:8      | Acquired Makhleb's third power
  7243 | D:8      | Reached skill level 5 in Armour
  7304 | D:8      | Noticed Joseph
  7328 | D:8      | Killed Joseph
  7328 | D:8      | Gained mutation: You are partially covered in large bone plates (AC +2, SH +2). [demonic ancestry]
  7328 | D:8      | Reached XP level 10. HP: 53/76 MP: 15/15
  7505 | D:8      | Acquired Makhleb's fourth power
  7965 | D:8      | Noticed a centaur warrior
  7975 | D:8      | Killed a centaur warrior
  8132 | D:8      | Reached skill level 10 in Long Blades
  8199 | D:9      | Noticed Maurice
  8218 | D:9      | Killed Maurice
  8335 | D:9      | Noticed Psyche
  8343 | D:9      | Paralysed by Psyche for 7 turns
  8345 | D:9      | Noticed a six-headed hydra
  8352 | D:9      | Killed Psyche
  8415 | D:8      | Killed a six-headed hydra
  8734 | D:9      | Found an ancient bone altar of Kikubaaqudgha.
  8870 | D:9      | Noticed a six-headed hydra
  8919 | D:9      | Found a basalt altar of Yredelemnul.
  8976 | D:9      | Found a sacrificial altar of Ru.
  9024 | D:9      | Reached XP level 11. HP: 85/85 MP: 18/18
  9121 | D:9      | Noticed an unseen horror
  9131 | D:9      | Killed an unseen horror
  9155 | D:9      | Reached skill level 10 in Invocations
  9490 | D:9      | Noticed Erica
  9504 | D:9      | Killed Erica
  9504 | D:9      | Acquired Makhleb's fifth power
  9625 | D:9      | Got a pitted ring mail
  9636 | D:9      | Identified the cursed +1 ring mail "Solo" {Str+4} (You found it on level 9 of the Dungeon)
  9660 | D:10     | Entered Level 10 of the Dungeon
  9838 | D:9      | Reached skill level 11 in Long Blades
 10027 | D:10     | Found a staircase to the Lair.
 10185 | D:10     | Found Daschabb's Assorted Antiques.
 10218 | D:10     | Noticed a hill giant
 10224 | D:10     | Killed a hill giant
 10370 | D:9      | Killed a three-headed hydra
 10552 | D:5      | Bought an uncursed amulet of regeneration for 420 gold pieces
 10767 | Lair:1   | Entered Level 1 of the Lair of Beasts
 10983 | Lair:1   | Got a pair of ichor-stained gloves
 10994 | Lair:1   | Identified the +1 pair of gloves of the Dice {rF+} (You found it on level 1 of the Lair of Beasts)
 11428 | Lair:2   | Noticed Zigurun's ghost (powerful DsVM)
 11463 | Lair:2   | Killed Zigurun's ghost
 11463 | Lair:2   | Gained mutation: You are mostly covered in large bone plates (AC +3, SH +3). [demonic ancestry]
 11463 | Lair:2   | Reached XP level 12. HP: 95/95 MP: 20/20
 11656 | Lair:2   | Got a brightly glowing chain mail
 11747 | Lair:2   | Identified the +5 chain mail "Veriekk" {rPois} (You found it on level 2 of the Lair of Beasts)
 11814 | Lair:2   | Noticed a seven-headed hydra
 11825 | Lair:2   | Killed a one-headed hydra
 12142 | Lair:2   | Reached skill level 12 in Invocations
 12228 | Lair:3   | Noticed a four-headed hydra
 12235 | Lair:3   | Killed a one-headed hydra
 12507 | Lair:3   | Reached skill level 10 in Fighting
 13115 | Lair:4   | Found a staircase to the Swamp.
 13295 | Lair:4   | Noticed Josephine
 13328 | Lair:4   | Killed from afar by Josephine

Action                   |  1- 3 |  4- 6 |  7- 9 | 10-12 || total
-------------------------+-------+-------+-------+-------++-------
Melee: Long sword        |    96 |   229 |   360 |       ||   685
       Great sword       |       |       |   164 |   680 ||   844
       Scimitar          |       |       |       |    16 ||    16
Throw: Throwing net      |     2 |     2 |     1 |       ||     5
Invok: Minor Destruction |       |       |    81 |    65 ||   146
       Lesser Servant of |       |       |       |     4 ||     4
       Major Destruction |       |       |       |     1 ||     1
  Use: Scroll            |       |       |     7 |    22 ||    29
       Potion            |       |       |     2 |     3 ||     5
 Stab: Held in net/web   |     1 |       |       |       ||     1
  Eat: Chunk             |       |     6 |    18 |    23 ||    47
